 Dungeon Crawl Stone Soup version 0.19-a0-994-g3c636f0 (webtiles) character file.

23 4thArraOfDagon the Firebug (level 2, 0/15 HPs)
             Began as a Deep Elf Fire Elementalist on July 17, 2016.
             Slain by a howler monkey skeleton (2 damage)
             ... on level 6 of the Dungeon.
             The game lasted 00:01:58 (294 turns).

4thArraOfDagon the Firebug (DEFE)                    Turns: 294, Time: 00:01:59

Health: 0/15       AC:  2    Str:  5    XL:     2   Next: 75%
Magic:  2/8        EV: 13    Int: 19    God:
Gold:   39         SH:  0    Dex: 15    Spells: 1 memorised, 6 levels left

rFire  . . .     SeeInvis .     h - +0 short sword
rCold  + . .     Gourm    .     a - +0 robe
rNeg   . . .     Faith    .     (no shield)
rPois  .         Spirit   .     (no helmet)
rElec  .         Dismiss  .     (no cloak)
rCorr  .         Reflect  .     (no gloves)
SustAt .         Harm     .     (no boots)
MR     .....                    (no amulet)
Stlth  ++........               (no ring)
                                f - ring of protection from cold

@: exhausted, very slightly contaminated, slowed, very slow, not resistant to
hostile enchantments, unstealthy
A: no striking features
a: no special abilities


You were on level 6 of the Dungeon.
You were not hungry.

You visited 1 branch of the dungeon, and saw 4 of its levels.

You collected 39 gold pieces.

Inventory:

Hand Weapons
 d - a +0 mace
 h - a +0 short sword (weapon)
Armour
 a - a +0 robe (worn)
Jewellery
 f - a ring of protection from cold (left hand)
Wands
 m - a wand of digging (13/24)
Scrolls
 e - a scroll of enchant weapon {unknown}
 i - a scroll of amnesia {unknown}
 j - a scroll of enchant armour {unknown}
Books
 b - a book of Flames

   Spells                             Type                      Level
   a - Flame Tongue                   Conjuration/Fire             1
   b - Throw Flame                    Conjuration/Fire             2
   c - Conjure Flame                  Conjuration/Fire             3
   d - Inner Flame                    Hexes/Fire                   3
   e - Sticky Flame                   Conjuration/Fire             4
   f - Fireball                       Conjuration/Fire             5
Comestibles
 c - 2 bread rations
 l - a meat ration


   Skills:
 - Level 2.4 Dodging
 - Level 2.4 Stealth
 + Level 3.2 Spellcasting
 * Level 2.1 Conjurations
 * Level 3.8 Fire Magic


You had 6 spell levels left.
You knew the following spells:

 Your Spells              Type           Power        Failure   Level  Hunger
a - Flame Tongue          Conj/Fire      ##...        6%          1    None


Dungeon Overview and Level Annotations

Branches:
Dungeon (3/15)

Altars:


Message History

The flame tongue hits the howler monkey skeleton.
The howler monkey skeleton closely misses you.
The howler monkey skeleton barely misses you.
Casting: Flame Tongue
Confirm with . or Enter, or press ? or * to list all spells.
Aiming: Flame Tongue
Press: ? - help, Shift-Dir - straight line, f/p - giant frog zombie
Aim: a giant frog zombie You miscast Flame Tongue.
You are very lightly contaminated with residual magic.
Nothing appears to happen.
The howler monkey skeleton hits you but does no damage.
Casting: Flame Tongue
Confirm with . or Enter, or press ? or * to list all spells.
Aiming: Flame Tongue
Press: ? - help, Shift-Dir - straight line, f/p - giant frog zombie
Aim: a giant frog zombie The flame tongue hits the howler monkey skeleton.
The howler monkey skeleton hits you.
You die...

...............
########..........
....)..$..........
..................
######...........
#...........
#Z########## #Z#
#@# #........
#........
.........
...!##### .>....
.....## #<....#


You could see a giant frog zombie and a howler monkey skeleton.

Vanquished Creatures
  An adder (D:2)
  3 dart slugs (D:1)
  A giant gecko (D:1)
  A giant cockroach (D:1)
  A kobold (D:1)
  A giant newt (D:1)
  A rat (D:1)
9 creatures vanquished.

Notes
Turn   | Place    | Note
-------+----------+-------------------------------------------
     0 | D:1      | 4thArraOfDagon the Deep Elf Fire Elementalist began the quest for the Orb.
     0 | D:1      | Reached XP level 1. HP: 10/10 MP: 6/6
    44 | D:1      | Reached XP level 2. HP: 4/15 MP: 0/8
   275 | D:3      | You fall through a shaft for 3 floors!
   286 | D:6      | HP: 1/22 [howler monkey skeleton (2)]
   294 | D:6      | Slain by a howler monkey skeleton

Vault maps used:
D:1:      lightli_arrival_noodles, serial_bayou_lake_a
D:3:      first_bread, kennysheep_generic_room_13

Skill      XL: |  1  2 |
---------------+-------+-----
Conjurations   | 2 |  2.1
Dodging        | |  2.4
Stealth        | |  2.4
Spellcasting   | |  3.2
Fire Magic     | |  3.8

Action                   || total
-------------------------++-------
Melee: Short sword       ||     1
 Cast: Flame Tongue      ||    22
  Use: Potion            ||     2
Armor: Robe              ||     2
Dodge: Dodged            ||    20
